 Dungeon Crawl Stone Soup version 0.31.0-9-g3a7656b989 (webtiles) character file.

Game seed: 15640618154575272282

26 qw the Shooter (level 2, -3/14 HPs)
             Began as a Spriggan Hunter on Feb 2, 2024.
             Slain by a scorpion (5 damage)
             ... on level 1 of the Dungeon.
             The game lasted 00:00:02 (656 turns).

qw the Shooter (Spriggan Hunter)                     Turns: 656, Time: 00:00:03

Health: -3/14      AC:  2    Str:  4 (7)  XL:     2   Next: 89%
Magic:  3/3        EV: 18    Int:  7 (10) God:
Gold:   106        SH:  0    Dex: 16 (18) Spells: 1/1 levels left

rFire   . . .        a - +2 shortbow
rCold   . . .        (shield currently unavailable)
rNeg    . . .        c - +0 robe
rPois   .            (helmet restricted)
rElec   .            (no cloak)
rCorr   .            (gloves unavailable)
SInv    +            (boots unavailable)
Will    .....        (no amulet)
Stlth   ++           (no ring)
HPRegen 0.22/turn    (no ring)
MPRegen 0.08/turn

%: no passive effects
@: lethally poisoned (-3 -> -9), very quick
A: very small, no large weapons, unfitting armour, see invisible, speed 3
a: no special abilities


You were on level 1 of the Dungeon.
You visited 1 branch of the dungeon, and saw 2 of its levels.

You collected 106 gold pieces.


Innate Abilities, Weirdness & Mutations

You are very small and have problems with some larger weapons.
You are too small for most types of armour.
You have supernaturally acute eyesight. (SInv)
You cover ground extremely quickly. (Speed+++)


   Skills:
 - Level 1.5 Fighting
 + Level 4.4 Ranged Weapons
 - Level 4.0 Dodging
 - Level 1.5 Stealth


You had one spell level left.
You didn't know any spells.
Your spell library was empty.

Inventory:

Hand Weapons
 a - a +2 shortbow (weapon)
Armour
 c - a +0 robe (worn)
Potions
 d - a potion of brilliance {unknown}

Dungeon Overview and Level Annotations

Branches:
Dungeon (2/15)

Altars:


Message History

You feel weakened.
You feel dopey.
You feel clumsy.
Done exploring.
608 ||| DROPPING scroll of butterflies.
You drop a scroll of butterflies.
Done exploring.
609 ||| DROPPING potion of degeneration.
You drop a potion of degeneration.
Done exploring.
What level of the Dungeon? (default 1, ? - help)
Things that are here:
a +0 dagger; a goblin skeleton
There is a stone staircase leading down here.
You climb downwards.
Found a spear.
There is a stone staircase leading up here.
There are monsters nearby!
Waypoint 1 assigned to D:2.
You shoot an arrow. The arrow hits the scorpion.
The scorpion is lightly wounded.
The hobgoblin shouts!
You shoot an arrow. The arrow closely misses the scorpion.
A goblin comes into view. It is wielding a +0 club.
651 ||| STAIRDANCE The scorpion stings you.
You climb upwards.
There is a stone staircase leading down here.
You shoot an arrow. The arrow closely misses the scorpion.
The scorpion stings you.
You are lethally poisoned!
The scorpion poisons you! The scorpion closely misses you.
You shoot an arrow.
The arrow hits the scorpion but does no damage.
The scorpion is lightly wounded.
You feel very sick. The scorpion closely misses you.
You shoot an arrow. The arrow hits the scorpion.
The scorpion is moderately wounded.
You feel very sick. The scorpion barely misses you.
The scorpion completely misses you.
You shoot an arrow. The arrow closely misses the scorpion.
You feel sick. The scorpion stings you.
You die...

##.#.#.###.#.....##
#..###.:#.....################
#..#.#.###................>...
#.....#.........##############
#..###.#.#...............#
#...#..###......#........#
#..###.#.#.#####%........#
#............s...#.......#####
#.####....(..@...........)....
#...(...........##########....
######.....>...## #.......#:#
#########.# #.)...%.#.. ##..#
#.......### ##..## #.......###
#..## #.......... #.##
#.......### #.# #.......#


You could see a scorpion.

Vanquished Creatures
  A ball python (D:1)
  4 bats (D:1)
  An endoplasm (D:1)
  5 hobgoblins (D:1)
  3 kobolds (D:1)
  A quokka (D:1)
  A frilled lizard (D:1)
  4 goblins (D:1)
  3 rats (D:1)
23 creatures vanquished.

Notes
Turn   | Place    | Note
-------+----------+-------------------------------------------
     0 | D:1      | qw the Spriggan Hunter began the quest for the Orb.
     0 | D:1      | Reached XP level 1. HP: 10/10 MP: 2/2
     0 | D:1      | 0 ||| qw: Version: 0.3-a-155-g5e7d8dd
     0 | D:1      | 0 ||| qw: Game counter: 1438
     0 | D:1      | 0 ||| qw: Melee chars always use a shield: true
     0 | D:1      | 0 ||| qw: God list: Okawaru
     0 | D:1      | 0 ||| qw: Allow faded altars: false
     0 | D:1      | 0 ||| qw: Do Orc after clearing Dungeon:15 true
     0 | D:1      | 0 ||| qw: Do second Lair branch before Depths: true
     0 | D:1      | 0 ||| qw: Lair rune preference: random
     0 | D:1      | 0 ||| qw: Goals: Normal
     0 | D:1      | 0 ||| PLANNING D:1-11
    27 | D:1      | Reached skill level 3 in Dodging
    84 | D:1      | Reached XP level 2. HP: 14/14 MP: 3/3
   578 | D:1      | 578 ||| READING scroll labelled QALLITW HOUMES.
   579 | D:1      | 579 ||| READING scroll labelled SEAHEM ACZEUXT.
   580 | D:1      | 580 ||| READING scroll labelled TEROAL SETHICS.
   581 | D:1      | 581 ||| READING scroll labelled VAONYAJA KUWIM.
   605 | D:1      | 605 ||| READING 2 scrolls labelled ACUNAD GOISIKA.
   605 | D:1      | 605 ||| ENCHANTING +0 shortbow.
   606 | D:1      | 606 ||| READING scroll of enchant weapon.
   606 | D:1      | 606 ||| ENCHANTING +1 shortbow.
   607 | D:1      | 607 ||| DRINKING 2 coppery potions.
   608 | D:1      | 608 ||| DROPPING scroll of butterflies.
   609 | D:1      | 609 ||| DROPPING potion of degeneration.
   648 | D:2      | Noticed a scorpion
   651 | D:2      | 651 ||| STAIRDANCE
   656 | D:1      | HP: 2/14 [poisoned by a scorpion]
   656 | D:1      | Slain by a scorpion

Levels and vault maps discovered:
D:1:      dpeg_arrival_ternary, layout_rooms, eino_curves_02,
          minmay_heptomino_h4
D:2:      layout_basic

Skill      XL: |  1  2 |
---------------+-------+-----
Dodging        | 3 4 |  4.0
Fighting       | |  1.5
Ranged Weapons | |  4.4
Stealth        | |  1.5

Action                     || total
---------------------------++-------
   Fire: Shortbow          ||    70
    Use: Scroll            ||     6
         Potion            ||     1
 Armour: Robe              ||     7
  Dodge: Dodged            ||    18

Table legend:
 A = Non-vault XP
 B = Vault XP
 C = Vault XP percentage of total XP
 D = Non-vault monster count
 E = Vault monster count
 F = Vault count percentage of total count
                 A         B        C        D         E       F
            +---------+---------+-------+---------+---------+-------
      Total |      32 |       6 |  15.8 |      19 |       4 |  17.4
            +---------+---------+-------+---------+---------+-------
        D:1 |      32 |       6 |  15.8 |      19 |       4 |  17.4
            +---------+---------+-------+---------+---------+-------
